Map: Pillars of Gold LE

Players

RAGNAROK (SHIN)

  • Race: Zerg Zerg
  • League: Grandmaster
  • Spawn Location: 7:00

Zest - Winner!

  • Race: Protoss Protoss
  • League: Master
  • Spawn Location: 1:00

Event: TSL 6

VOD

Have the link to the VOD?

Description

Time

  • Played on: Dec. 12, 2020, 9:03 a.m.
  • Length: 8:06

All games in this series

Show
View Real Time Build Order
Export as new Build Order

RAGNAROK Zerg 

Build Orders: Hatch First 

Get SALT Encoding   

  12  0:00  Drone  
  13  0:09  Drone  
  14  0:18  Overlord  
  14  0:36  Drone x2  
  16  0:44  Drone  
  17  0:56  Drone  
  18  0:57  Hatchery  
  18  1:00  Drone  
  18  1:09  Extractor  
  17  1:12  Drone  
  18  1:20  Spawning Pool  
  18  1:23  Drone  
  18  1:31  Drone  
  19  1:41  Drone  
  20  1:56  Overlord  
  20  2:07  Queen  
  22  2:09  Zergling x4  
  22  2:10  Queen  
  22  2:14  Metabolic Boost  
  26  2:17  Drone  
  27  2:23  Zergling x2  
  27  2:25  Drone  
  29  2:32  Roach Warren  
  28  2:52  Overlord  
  27  3:12  Roach x3  
  33  3:18  Roach x3  
  33  3:19  Overlord  
  39  3:23  Zergling x8  
  43  3:29  Overlord  
  43  3:40  Overlord  
  43  3:41  Zergling x4  
  45  3:48  Zergling x4  
  45  3:49  Zergling x2  
  45  3:54  Ravager  
  49  3:57  Overlord  
  49  4:00  Zergling x2  
  50  4:03  Zergling x2  
  51  4:12  Overlord  
  51  4:15  Zergling x2  
  52  4:18  Zergling x4  
  52  4:20  Zergling x2  
  53  4:24  Zergling x2  
  53  4:28  Zergling x2  
  53  4:29  Zergling x2  
  51  4:32  Zergling x2  
  51  4:35  Zergling x2  
  51  4:38  Zergling x2  
  53  4:40  Zergling x2  
  53  4:44  Zergling x2  
  51  4:46  Zergling x2  
  51  4:49  Zergling x2  
  51  4:52  Zergling x2  
  44  4:56  Zergling x2  
  44  4:58  Zergling x2  
  41  5:03  Zergling x2  
  39  5:08  Drone  
  39  5:12  Drone  
  40  5:20  Drone  
  41  5:23  Drone  
  41  5:29  Drone  
  41  5:30  Drone x2  
  41  5:31  Drone x2  
  41  5:32  Drone  
  41  5:34  Drone  
  46  5:37  Drone  
  46  5:52  Hatchery  
  46  5:54  Drone  
  46  5:55  Drone  
  47  5:59  Spore Crawler  
  47  6:03  Drone x2  
  48  6:04  Drone  
  48  6:09  Spore Crawler  
  48  6:12  Queen  
  48  6:17  Overlord  
  50  6:23  Queen  
  52  6:28  Drone x3  
  52  6:30  Drone  
  52  6:32  Drone  
  55  6:34  Drone  
  55  6:37  Drone  
  55  6:38  Drone  
  58  6:40  Drone  
  58  6:41  Drone  
  58  6:44  Extractor  
  59  6:48  Queen  
  60  6:58  Overlord  
  60  7:01  Roach x4  
  67  7:12  Roach, Spore Crawler  
  67  7:14  Roach x2  
  70  7:16  Extractor  
  67  7:24  Drone  
  67  7:25  Drone x7  
  67  7:26  Drone  
  72  7:33  Drone  
  72  7:34  Drone  
  72  7:35  Drone  
  75  7:42  Roach  
  75  7:43  Roach x2  
  82  7:57  Spore Crawler  
Show
View Real Time Build Order
Export as new Build Order

Zest Protoss - Winner!

Build Orders: 1 Gate Expand, Zealot Archon 

Get SALT Encoding   

  12  0:00  Probe  
  13  0:12  Probe  
  14  0:19  Pylon  
  14  0:24  Probe  
  15  0:37  Probe (Chrono Boost)  
  15  0:41  Gateway  
  16  0:47  Probe (Chrono Boost)  
  17  0:51  Assimilator  
  17  0:52  Probe (Chrono Boost)  
  18  1:04  Probe  
  19  1:16  Probe  
  20  1:28  Nexus  
  20  1:38  Cybernetics Core  
  20  1:45  Probe  
  21  1:49  Assimilator  
  21  1:57  Probe  
  21  1:59  Pylon  
  22  2:09  Probe (Chrono Boost)  
  22  2:14  Adept (Chrono Boost)  
  23  2:21  Probe (Chrono Boost)  
  23  2:22  Stargate  
  26  2:25  Probe (Chrono Boost)  
  26  2:29  Warp Gate  
  27  2:36  Stalker  
  29  2:39  Probe  
  31  2:44  Probe  
  31  2:52  Probe  
  31  2:56  Probe  
  31  2:58  Void Ray (Chrono Boost)  
  33  3:04  Probe  
  34  3:08  Probe  
  39  3:16  Probe  
  40  3:20  Probe  
  40  3:22  Gateway  
  41  3:28  Probe  
  41  3:30  Twilight Council  
  41  3:32  Probe  
  43  3:41  Probe  
  43  3:44  Probe  
  43  3:45  Gateway  
  43  3:46  Gateway  
  45  3:50  Pylon  
  45  3:56  Probe  
  46  4:08  Probe x2  
  46  4:09  Assimilator  
  48  4:19  Sentry, Zealot  
  47  4:26  Shield Battery  
  47  4:27  Shield Battery  
  43  4:32  Shield Battery  
  43  4:35  Probe  
  42  4:41  Stalker x2  
  30  4:53  Probe x2  
  31  5:01  Pylon  
  31  5:06  Probe x2 (Chrono Boost)  
  33  5:16  Dark Shrine  
  33  5:18  Probe x2 (Chrono Boost)  
  33  5:19  Robotics Facility  
  35  5:22  Probe (Chrono Boost)  
  36  5:29  Sentry  
  36  5:30  Probe (Chrono Boost)  
  36  5:32  Probe (Chrono Boost)  
  40  5:42  Probe (Chrono Boost)  
  41  5:44  Probe (Chrono Boost)  
  41  5:49  Probe (Chrono Boost)  
  43  5:50  Probe (Chrono Boost)  
  43  5:51  Pylon  
  43  5:54  Assimilator  
  43  5:55  Assimilator, Probe  
  44  5:59  Probe  
  46  6:06  Warp Prism (Chrono Boost)  
  46  6:09  Probe  
  46  6:11  Probe  
  50  6:16  Pylon  
  50  6:21  Pylon, Probe  
  50  6:24  Probe  
  52  6:33  Probe  
  52  6:36  Pylon, Probe  
  54  6:45  Pylon  
  54  6:58  Dark Templar x4  
  54  7:00  Probe x2  
  64  7:02  Observer (Chrono Boost)  
  64  7:07  Pylon  
  65  7:12  Probe  
  65  7:13  Probe  
  67  7:30  Nexus  
  67  7:32  Archon  
  67  7:33  Archon, Pylon  
  67  7:35  Dark Templar x2  
  67  7:36  Dark Templar  
  73  7:43  Probe x2  
Tags
 
Add a new tag
Caveats
  • Supply blocks, unpowered buildings, or Contaminate may cause inaccurate times.
  • Supply counts are checked every 10 seconds.